Map: Efflorescence LE

Players

Kerrigan

  • Race: Protoss Protoss
  • Spawn Location: 3:00

Zeratul

  • Race: Terran Terran
  • League: Silver
  • Spawn Location: 12:00

qqq - Winner!

  • Race: Protoss Protoss
  • Spawn Location: 9:00

Massa - Winner!

  • Race: Terran Terran
  • Spawn Location: 6:00

VOD

Have the link to the VOD?

Description

Time

  • Played on: Oct. 1, 2020, 5:12 p.m.
  • Length: 12:31
Show
View Real Time Build Order
Export as new Build Order

Kerrigan Protoss 

Build Orders:  

Get SALT Encoding   

  12  0:01  Probe (Chrono Boost)  
  13  0:11  Probe (Chrono Boost)  
  14  0:22  Pylon  
  14  0:24  Probe  
  15  0:40  Probe  
  15  0:41  Gateway  
  16  1:15  Probe (Chrono Boost)  
  17  1:24  Probe (Chrono Boost), Gateway  
  18  1:35  Zealot  
  20  1:43  Probe  
  21  1:55  Probe  
  19  2:21  Zealot (Chrono Boost)  
  19  2:22  Zealot (Chrono Boost)  
  15  3:34  Probe  
  15  3:46  Probe  
  16  3:58  Probe  
  15  4:10  Probe  
  14  4:40  Nexus  
  12  6:34  Pylon  
  12  6:40  Probe (Chrono Boost)  
  13  6:51  Probe (Chrono Boost)  
  14  6:56  Probe (Chrono Boost)  
  15  7:06  Probe  
  15  7:07  Assimilator  
  16  7:11  Assimilator  
  16  7:18  Probe  
  16  7:22  Nexus  
  17  7:27  Gateway  
  17  7:31  Gateway  
  17  7:42  Probe  
  18  7:48  Pylon  
  18  7:53  Assimilator  
  18  7:54  Probe  
  18  7:57  Assimilator  
  19  8:06  Probe  
  20  8:16  Cybernetics Core  
  20  8:18  Probe  
  21  8:28  Pylon  
  21  8:30  Probe  
  21  8:31  Pylon  
  22  8:37  Probe  
  23  8:43  Probe  
  24  8:49  Probe  
  24  8:55  Probe  
  26  8:56  Stargate  
  26  9:02  Probe  
  27  9:05  Stargate  
  27  9:07  Probe  
  28  9:20  Probe x2, Stargate  
  30  9:32  Probe  
  31  9:42  Probe  
  31  9:44  Probe  
  33  9:54  Probe  
  35  10:00  Probe  
  35  10:06  Probe  
  34  10:12  Probe  
  31  10:18  Probe  
  28  10:24  Probe  
  23  10:49  Probe x2  
  18  11:01  Probe x2  
  18  11:02  Void Ray x2 (Chrono Boost)  
  28  11:13  Probe x2  
  30  11:25  Probe  
  29  11:27  Probe  
  30  11:37  Probe  
  32  11:40  Probe  
  32  11:49  Probe  
  32  11:52  Probe  
  34  12:01  Probe  
  35  12:14  Shield Battery  
Show
View Real Time Build Order
Export as new Build Order

Zeratul Terran 

Build Orders:  

Get SALT Encoding   

  12  0:01  SCV  
  13  0:13  SCV  
  14  0:20  Supply Depot  
  14  0:29  Supply Depot  
  14  0:31  SCV  
  15  0:48  Barracks  
  15  0:54  SCV  
  16  1:07  Barracks  
  16  1:24  SCV, Barracks  
  17  1:40  Marine  
  18  1:50  Refinery  
  18  1:54  Supply Depot  
  18  1:57  Marine  
  19  2:07  Marine  
  20  2:15  Marine  
  21  2:25  Marine  
  22  2:33  Orbital Command, Marine  
  22  2:34  Marine  
  22  2:36  Refinery  
  24  2:42  Marine  
  25  2:51  Marine  
  25  2:52  Marine  
  26  3:00  Marine  
  27  3:09  Marine x2  
  29  3:18  Marine  
  30  3:26  Marine  
  27  3:27  Marine  
  26  3:36  Marine  
  27  3:44  Marine  
  27  3:45  Marine  
  29  3:49  Factory  
  29  3:54  Marine  
  30  4:02  Marine  
  29  4:03  Marine  
  30  4:11  Marine  
  31  4:20  Marine  
  31  4:21  Marine  
  31  4:23  SCV  
  34  4:27  Factory  
  34  4:29  Marine  
  35  4:38  Marine x2  
  28  4:42  Factory Tech Lab  
  27  4:47  Marine  
  27  4:56  Marine x2  
  29  5:03  Starport  
  29  5:05  Marine  
  29  5:06  SCV  
  31  5:13  Marine  
  32  5:14  Marine  
  32  5:18  SCV  
  32  5:19  Siege Tank  
  37  5:23  Marine  
  33  5:30  SCV  
  33  5:31  Marine  
  33  5:32  Marine  
  32  5:40  Marine  
  32  5:41  Hellion  
  33  5:49  Liberator, Marine  
  36  5:50  Marine  
  36  5:51  Hellion  
  38  5:58  Marine  
  39  6:12  Factory Tech Lab  
  39  6:30  Marine  
  38  6:36  Siege Tank  
  32  7:05  Siege Tank  
  35  7:16  Engineering Bay  
  35  7:27  Marine, Siege Tank  
  39  7:33  Marine x2  
  41  7:45  Marine  
  41  7:48  Starport Reactor  
  41  7:50  Marine  
  41  7:51  Marine, Missile Turret  
  44  7:53  SCV  
  44  7:54  Missile Turret  
  44  7:56  Missile Turret  
  45  8:02  Marine  
  46  8:08  Marine  
  47  8:23  Supply Depot  
  47  8:44  Marine x2, Medivac, Siege Tank  
  54  9:00  Command Center  
  54  9:04  Marine  
  55  9:19  SCV, Marine, Medivac  
  59  9:31  SCV  
  48  9:48  SCV  
  49  10:00  SCV  
  50  10:12  SCV  
  51  10:24  SCV  
  46  10:36  SCV  
  47  10:44  Missile Turret  
  47  10:49  SCV  
  48  10:51  Liberator  
  48  10:55  SCV  
  52  11:17  Marine x3  
  36  11:29  Orbital Command  
  36  11:35  Marine x2  
  38  11:41  SCV  
  39  11:53  SCV  
  33  11:58  Missile Turret x2  
  30  12:02  Marine  
  30  12:03  Marine x2  
  30  12:05  SCV  
  19  12:17  SCV  
Show
View Real Time Build Order
Export as new Build Order

qqq Protoss - Winner!

Build Orders:  

Get SALT Encoding   

  12  0:00  Probe  
  13  0:16  Pylon  
  13  0:22  Probe  
  14  0:36  Forge  
  14  0:39  Probe  
  15  0:58  Pylon  
  15  1:09  Probe  
  16  1:17  Photon Cannon  
  16  1:24  Pylon  
  16  1:28  Pylon  
  16  1:34  Pylon  
  16  1:47  Photon Cannon  
  16  2:02  Photon Cannon  
  16  2:06  Probe  
  16  2:19  Photon Cannon  
  16  2:35  Photon Cannon  
  16  2:38  Pylon  
  16  2:48  Photon Cannon  
  16  2:59  Photon Cannon  
  16  3:13  Photon Cannon  
  16  3:16  Probe  
  17  3:25  Photon Cannon  
  16  3:39  Photon Cannon  
  16  3:46  Pylon  
  16  3:47  Probe  
  17  4:02  Pylon  
  17  4:10  Photon Cannon  
  17  4:49  Nexus  
  17  4:58  Gateway  
  17  5:07  Pylon  
  17  5:09  Probe  
  18  5:14  Assimilator  
  18  5:19  Assimilator  
  18  5:21  Probe  
  19  5:33  Probe  
  20  5:37  Photon Cannon  
  20  5:45  Probe  
  21  5:57  Probe  
  22  6:08  Pylon  
  22  6:09  Probe  
  23  6:11  Probe  
  23  6:17  Cybernetics Core  
  24  6:21  Probe  
  24  6:23  Probe  
  26  6:34  Probe (Chrono Boost)  
  26  6:35  Probe (Chrono Boost)  
  28  6:41  Photon Cannon  
  29  6:48  Probe (Chrono Boost)  
  29  6:52  Probe (Chrono Boost)  
  30  6:55  Probe (Chrono Boost), Stargate  
  30  6:59  Probe (Chrono Boost)  
  32  7:02  Probe  
  32  7:04  Assimilator  
  33  7:08  Assimilator  
  33  7:10  Probe  
  33  7:12  Pylon  
  33  7:14  Probe  
  35  7:22  Probe  
  36  7:26  Probe  
  36  7:29  Stargate  
  38  7:38  Probe  
  38  7:44  Probe  
  38  7:51  Pylon  
  39  7:55  Nexus  
  39  7:56  Phoenix  
  41  8:21  Phoenix  
  41  8:22  Photon Cannon, Shield Battery  
  43  8:27  Nexus  
  43  8:29  Photon Cannon  
  43  8:32  Phoenix  
  46  8:46  Phoenix  
  46  8:48  Pylon  
  47  8:50  Pylon  
  47  8:58  Photon Cannon  
  47  9:04  Photon Cannon  
  47  9:07  Probe, Photon Cannon  
  48  9:19  Probe  
  48  9:21  Phoenix  
  48  9:22  Phoenix  
  53  9:31  Probe, Photon Cannon  
  53  9:34  Photon Cannon  
  54  9:43  Probe  
  55  9:48  Phoenix  
  55  9:49  Phoenix  
  59  9:55  Probe  
  59  9:57  Probe  
  61  10:03  Photon Cannon  
  61  10:07  Probe  
  61  10:09  Probe  
  61  10:13  Phoenix  
  61  10:14  Phoenix  
  65  10:19  Probe  
  65  10:21  Probe  
  69  10:32  Probe  
  70  10:38  Phoenix  
  70  10:39  Phoenix  
  72  10:46  Shield Battery  
  72  10:48  Shield Battery  
  72  10:51  Probe x2, Photon Cannon  
  72  10:53  Photon Cannon  
  72  10:54  Pylon  
  74  10:58  Pylon  
  74  11:01  Fleet Beacon  
  74  11:03  Probe x2, Pylon  
  71  11:15  Probe x2  
  68  11:24  Probe  
  69  11:27  Probe x2  
  69  11:29  Phoenix  
  73  11:32  Phoenix  
  73  11:36  Probe  
  73  11:39  Probe x2  
  78  11:41  Stargate  
  78  11:43  Photon Cannon  
  78  11:44  Pylon  
  76  11:48  Probe  
  76  11:51  Probe  
  76  11:52  Probe  
  79  12:00  Probe  
  80  12:03  Probe  
  80  12:04  Probe  
  86  12:12  Probe  
  87  12:16  Probe x2  
Show
View Real Time Build Order
Export as new Build Order

Massa Terran - Winner!

Build Orders:  

Get SALT Encoding   

  12  0:00  SCV  
  13  0:12  SCV  
  14  0:19  Supply Depot  
  14  0:24  SCV  
  15  0:40  SCV  
  15  0:42  Barracks  
  16  0:51  Refinery  
  16  0:52  SCV  
  17  1:05  SCV  
  18  1:17  SCV  
  20  1:33  Orbital Command  
  20  1:34  Reaper  
  20  1:42  Command Center  
  20  1:49  Refinery  
  20  2:01  SCV  
  20  2:06  Reaper  
  22  2:13  SCV  
  23  2:25  Barracks  
  23  2:33  Supply Depot  
  23  2:39  Barracks Reactor  
  23  2:54  SCV  
  23  3:06  SCV  
  24  3:23  Marine x2  
  24  3:24  Marine  
  27  3:30  Factory  
  27  3:32  Orbital Command, Barracks  
  27  3:34  SCV  
  27  3:41  Marine x3  
  27  3:46  SCV  
  31  3:52  Bunker  
  31  3:59  Marine x3  
  34  4:15  Engineering Bay  
  34  4:17  Marine x3  
  37  4:28  Starport  
  37  4:30  Factory Tech Lab  
  37  4:31  Barracks Tech Lab  
  37  4:35  Marine x2  
  38  5:01  Terran Infantry Weapons Level 1  
  38  5:05  Armory  
  40  5:08  Siege Tank  
  40  5:13  Barracks Reactor  
  41  5:15  SCV x2, Factory  
  43  5:27  SCV x2  
  40  5:39  SCV  
  40  5:40  Siege Tank  
  40  6:07  Medivac  
  40  6:10  Marauder, Marine  
  40  6:11  Marine x2  
  44  6:15  Factory Reactor  
  46  6:21  Supply Depot  
  46  6:24  Missile Turret  
  46  6:29  Supply Depot  
  46  6:37  Stimpack  
  46  6:43  SCV x2, Marauder, Marine x2, Medivac  
  54  6:51  Marine x2  
  54  6:52  Hellion x3  
  54  6:53  Infernal Pre-Igniter  
  62  6:57  Terran Infantry Armor Level 1  
  62  7:01  Refinery  
  62  7:03  Refinery  
  62  7:08  Supply Depot  
  62  7:13  Missile Turret  
  62  7:17  Supply Depot  
  62  7:30  SCV x2, Marauder, Marine x4  
  62  7:36  Supply Depot  
  70  7:39  Hellion x3  
  70  7:42  SCV  
  70  7:43  SCV  
  78  7:56  Terran Vehicle Weapons Level 1  
  78  7:58  SCV x2, Marauder, Marine x4  
  86  8:02  Supply Depot  
  86  8:05  Supply Depot  
  86  8:07  Supply Depot  
  86  8:10  Supply Depot  
  86  8:24  SCV, Hellion x2, Marauder  
  86  8:26  Widow Mine  
  95  8:29  SCV  
  96  8:35  Supply Depot  
  96  8:36  SCV  
  97  8:41  Missile Turret  
  97  8:42  Medivac  
  97  8:46  Marauder  
  101  9:11  Command Center  
  101  9:14  Marauder, Marine x3  
  101  9:16  Combat Shield  
  106  9:20  Siege Tank  
  109  9:35  Marauder  
  101  9:57  Marauder  
  93  10:44  Marauder, Marine  
  93  10:45  Marine x3  
  94  11:02  Marine  
  94  11:03  Marine x3  
  98  11:05  Hellion x3, Marauder  
  106  11:20  Marine x3  
  109  11:27  Hellion x3, Marauder  
  117  11:34  Medivac  
  119  11:44  Command Center  
  119  11:48  Hellion x3, Marauder  
  129  12:10  Marauder  
Tags
 
Add a new tag
Caveats
  • Supply blocks, unpowered buildings, or Contaminate may cause inaccurate times.
  • Supply counts are checked every 10 seconds.